AoeStats
← Peshmerga424

African Clearing

510627091Analyzed
2v2 RM · 15h ago on Oct 1, 2026· 44m 52s· 4 players
Game mode
Random Map
Map size
Medium (4 player)
Population
200
Speed
Normal
Resources
Standard
Victory
Conquest
Starting age
Dark Age
Ending age
Imperial Age
RankedLock teamsTeams togetherTeam positionsShared explorationLock speedFull tech treeHidden civsTurbo modeCheats
Victory
Defeat
🇬🇧 Huns · United Kingdom
1128
+15
🇸🇪 Byzantines · Sweden
1104
+16
🇦🇷 Magyars · Argentina
1116
-15
🇲🇽 Turks · Mexico
1110
-16
Peshmerga424
11:20 Loom
13:52 Feudal Age
19:04 Castle Age
17:14 Double-Bit Axe
17:12 Horse Collar
21:21 Wheelbarrow
20:58 Forging
32:04 Imperial Age
30:34 Ballistics
31:32 Scale Barding Armor
31:17 Fletching
31:29 Padded Archer Armor
31:59 Bow Saw
31:44 Elite Skirmisher
33:10 Conscription
35:29 Chemistry
35:25 Hand Cart
36:01 Bodkin Arrow
37:28 Iron Casting
36:56 Husbandry
38:40 Cavalier
42:06 Bracer
44:10 Chain Barding Armor
Warningeye
9:38 Loom
12:16 Feudal Age
12:52 Double-Bit Axe
19:33 Castle Age
17:28 Horse Collar
21:10 Scale Barding Armor
21:47 Forging
24:23 Husbandry
25:31 Bloodlines
27:44 Chain Barding Armor
31:06 Town Watch
32:53 Fletching
32:32 Elite Skirmisher
33:41 Padded Archer Armor
36:35 Leather Archer Armor
37:26 Ballistics
38:35 Bow Saw
40:28 Bodkin Arrow
41:50 Marauders
42:29 Iron Casting
47:21 Imperial Age
Piquy
6:20 Loom
13:38 Feudal Age
18:00 Castle Age
16:21 Double-Bit Axe
17:56 Fletching
18:08 Padded Archer Armor
18:41 Horse Collar
20:21 Gold Mining
25:29 Wheelbarrow
25:51 Leather Archer Armor
27:27 Bloodlines
27:18 Husbandry
28:05 Heavy Plow
31:10 Hand Cart
32:44 Bodkin Arrow
38:07 Imperial Age
35:55 Town Watch
37:25 Thumb Ring
38:26 Ballistics
38:23 Town Patrol
39:39 Parthian Tactics
41:36 Chemistry
41:49 Bracer
44:04 Ring Archer Armor
43:40 Scale Barding Armor
44:02 Cavalier
ic.adelira
6:56 Loom
12:01 Feudal Age
14:07 Wheelbarrow
14:27 Double-Bit Axe
21:38 Castle Age
22:00 Fletching
22:11 Padded Archer Armor
22:47 Bloodlines
29:24 Bow Saw
29:50 Gold Mining
30:11 Bodkin Arrow
30:17 Padded Archer Armor
32:04 Ballistics
31:33 Horse Collar
33:06 Husbandry
34:09 Gold Shaft Mining
33:24 Stone Mining
34:50 Thumb Ring
37:36 Imperial Age
36:15 Heavy Plow
38:11 Scale Barding Armor
38:24 Padded Archer Armor
39:28 Chain Barding Armor
42:04 Conscription
43:21 Forging
43:54 Plate Barding Armor
43:20 Bracer
Connection lost

Rejoining the realm…

Still unreachable

The connection could not be restored.

Session expired

The server has moved on; the page needs a fresh start.